 Dungeon Crawl Stone Soup version 0.27-a0-1181-g5f64966fcc (webtiles) character file.

Game seed: 2029550633905848019

44 leviel the Chopper (level 3, 0/33 HPs)
             Began as a Hill Orc Monk on May 17, 2021.
             Slain by an adder (4 damage)
             ... on level 2 of the Dungeon.
             The game lasted 00:01:21 (1477 turns).

leviel the Chopper (Hill Orc Monk)                  Turns: 1477, Time: 00:01:22

Health: 0/33       AC:  2    Str: 13    XL:     3   Next: 62%
Magic:  3/3        EV: 12    Int: 11    God:
Gold:   45         SH:  0    Dex: 13    Spells: 2/2 levels left

rFire    . . .     SeeInvis .   a - +0 hand axe
rCold    . . .     Faith    .   (no shield)
rNeg     . . .     Spirit   .   b - +0 robe
rPois    .         Reflect  .   (no helmet)
rElec    .         Harm     .   (no cloak)
rCorr    .         Rampage  .   (no gloves)
Will     .....                  (no boots)
Stlth    ++........             (no amulet)
HPRegen  0.11/turn              (no ring)
MPRegen  0.08/turn              (no ring)

@: lethally poisoned (0 -> -4)
A: no striking features
a: no special abilities


You were on level 2 of the Dungeon.
You visited 1 branch of the dungeon, and saw 2 of its levels.

You collected 45 gold pieces.

Inventory:

Hand Weapons
 a - a +0 hand axe (weapon)
Armour
 b - a +0 robe (worn)
Scrolls
 c - 2 scrolls of teleportation {unknown}
Potions
 d - a potion of curing {unknown}
 e - a potion of experience {unknown}
 f - a potion of cancellation {unknown}


   Skills:
 + Level 4.3 Fighting
 + Level 4.9 Axes
 + Level 2.6 Dodging
 + Level 1.8 Stealth


You had 2 spell levels left.
You didn't know any spells.
Your spell library was empty.

Dungeon Overview and Level Annotations

Branches:
Dungeon (2/15)

Altars:

Shops:
D:1 [::=(


Message History

The adder poisons you!
You closely miss the adder.
You feel sick. The adder misses you. The adder bites you but does no damage.
You hit the adder.
The adder is lightly wounded.
You completely miss the hobgoblin.
You feel sick. The hobgoblin hits you. The adder bites you.
You miss the adder.
The adder is lightly wounded.
You barely miss the hobgoblin. You hit the goblin.
You kill the goblin!
You feel sick.
You are no longer poisoned.
The adder bites you. The hobgoblin barely misses you. The adder bites you.
The adder barely misses you. The adder bites you. The adder barely misses you.
You closely miss the adder.
The adder is lightly wounded.
The adder bites you.
* * * LOW HITPOINT WARNING * * *
You hit the adder but do no damage.
The adder is lightly wounded.
The adder misses you. The adder bites you but does no damage.
You miss the adder.
The adder is lightly wounded.
The adder bites you.
* * * LOW HITPOINT WARNING * * *
You barely miss the adder.
The adder is lightly wounded.
The adder bites you.
* * * LOW HITPOINT WARNING * * *
You are lethally poisoned!
The adder poisons you!
You hit the adder.
The adder is heavily wounded.
* * * LOW HITPOINT WARNING * * *
You feel sick. The adder bites you.
You die...

.........#.#
#.......#.#
#.........#
#.........#
#...).....#
#.........#
..........#g#
###.#######S# ..
#@# # #.#
#########>#
#######......##.#
.............##.#
......†......##.#
.............##.#
.............##.#
.............'..#


You could see an adder and a hobgoblin.

Vanquished Creatures
  A worm (D:2)
  A giant cockroach (D:1)
  5 goblins
  5 hobgoblins (D:1)
  7 jackals (D:1)
  2 quokkas (D:1)
  2 ball pythons
  5 bats (D:1)
  2 frilled lizards (D:1)
  4 kobolds (D:1)
  2 rats (D:1)
36 creatures vanquished.

Notes
Turn   | Place    | Note
-------+----------+-------------------------------------------
     0 | D:1      | leviel the Hill Orc Monk began the quest for the Orb.
     0 | D:1      | Reached XP level 1. HP: 19/19 MP: 1/1
     4 | D:1      | Found Judghiu's Antique Armour Emporium.
   143 | D:1      | Reached XP level 2. HP: 23/27 MP: 2/2
   323 | D:1      | Found Ynkeh's Book Shop.
   363 | D:1      | Reached XP level 3. HP: 19/33 MP: 3/3
   599 | D:1      | Found Karagugh's Jewellery Shoppe.
   625 | D:1      | Found Tacudom's Antique Weapon Boutique.
  1099 | D:1      | Found a faded altar of an unknown god.
  1190 | D:1      | Found Geanaur's Book Shop.
  1477 | D:2      | Slain by an adder

Illustrated notes

Levels and vault maps discovered:
D:1:      saegor_arrival_simple_c, layout_rooms, serial_shops, shop,
          nicolae_shop_waterfront, shop, nicolae_shop_stone,
          nicolae_shop_window_shopping, shapermc_ecumenical_altar_flowoftime,
          serial_glass, glass_columns_a, glass_columns_c
D:2:      layout_basic, roderic_lattice_a

Skill      XL: |  1  2 |
---------------+-------+-----
Fighting       | 4 |  4.3
Axes           | |  4.9
Dodging        | |  2.6
Stealth        | |  1.8

Action                   || total
-------------------------++-------
Melee: Hand axe          ||   104
 Stab: Sleeping          ||     3
Armor: Robe              ||    25
Dodge: Dodged            ||    96

Table legend: (Time is in decaauts)
 A = Elapsed time spent in this place.
 B = Non-inter-level travel time spent in this place.
 C = Inter-level travel time spent in this place.
 D = Time resting spent in this place.
 E = Time spent auto-exploring this place.
 F = Levels seen in this place.
 G = Mean time per level.
                   A        B        C        D        E       F      G
               +--------+--------+--------+--------+--------+-----+--------+
         Total |   1485 |   1458 |     27 |      0 |   1223 |   2 |  742.5 |
       Dungeon |   1485 |   1458 |     27 |      0 |   1223 |   2 |  742.5 |
               +--------+--------+--------+--------+--------+-----+--------+

Top non-repeatable levels by time:
     D:1: 1272 daAuts
     D:2: 212 daAuts
